 Dungeon Crawl Stone Soup version 0.30-a0-777-ga9a30cbeda (webtiles) character file.

Game seed: 1390493760930620293

29 testman the Insei (level 3, -4/24 HPs)
             Began as an Octopode Transmuter on Feb 14, 2023.
             Killed from afar by Terence (9 damage)
             ... with a puff of flame
             ... on level 2 of the Dungeon.
             The game lasted 00:02:37 (790 turns).

testman the Insei (Octopode Transmuter)              Turns: 790, Time: 00:02:37

Health: -4/24      AC:  1    Str:  9    XL:     3   Next: 16%
Magic:  5/6        EV: 13    Int: 17    God:
Gold:   47         SH:  0    Dex: 12    Spells: 3/6 levels left

rFire   . . .      SeeInvis .      - Unarmed
rCold   . . .      Faith    .    (no shield)
rNeg    . . .      Spirit   .    (helmet currently unavailable)
rPois   .          Reflect  .    (no amulet)
rElec   .          Harm     .    (no ring)
rCorr   .          Rampage  .    (no ring)
Will    .....                    (no ring)
Stlth   ++                       (no ring)
HPRegen 0.24/turn                (no ring)
MPRegen 0.10/turn                (no ring)
                                 (no ring)
                                 (no ring)

@: appendages
A: tentacle spike 3, almost no armour, amphibious, 8 rings, camouflage 1,
gelatinous body 1, (nimble swimmer 1), tentacles
a: End Transformation


You were on level 2 of the Dungeon.
One of your tentacles had grown a beastly spike.
You visited 1 branch of the dungeon, and saw 2 of its levels.

You collected 47 gold pieces.

Inventory:

Scrolls
 b - a scroll of magic mapping {unknown}
 c - a scroll of identify {unknown}
Potions
 a - a potion of lignification


   Skills:
 + Level 1.6 Fighting
 - Level 2.0 Dodging
 + Level 3.3 Unarmed Combat
 + Level 2.3 Spellcasting
 + Level 2.4 Transmutations


You had 3 spell levels left.
You knew the following spells:

 Your Spells              Type           Power      Damage    Failure   Level
a - Beastly Appendage     Tmut           20%        N/A       7%          1
b - Wereblood             Tmut           10%        N/A       11%         2

Your spell library contained the following spells:

 Spells                   Type           Power      Damage    Failure   Level
 Slow                     Hex            8%         N/A       19%         1
 Spider Form              Tmut/Pois      6%         N/A       34%         3
 Confusing Touch          Hex            2%         N/A       50%         3
 Vampiric Draining        Necr           2%         2d6       50%         3
 Ice Form                 Ice/Tmut       6%         N/A       75%         4
 Airstrike                Air            1%         2d(1-17)  88%         4
 Summon Lightning Spire   Summ/Air       2%         N/A       88%         4
 Lightning Bolt           Conj/Air       1%         1d12      99%         5


Dungeon Overview and Level Annotations

Branches:
Dungeon (2/15)

Altars:

Annotations:
D:2 Terence


Innate Abilities, Weirdness & Mutations

One of your tentacles has grown a beastly spike.
You cannot wear most types of armour.
You are amphibious.
You can wear up to eight rings at the same time.
Your skin changes colour to match your surroundings (Stealth+).
Your rubbery body absorbs attacks. (AC +1, EV +1)
((You are camouflaged when in or above water. (Stealth+)))
You have tentacles for arms and can constrict up to eight enemies at once.


Message History

The ball python constricts you.
You closely miss the ball python. Your grab misses the ball python.
Your tentacle spike misses the ball python.
Your squeeze misses the ball python. The ball python closely misses you.
The ball python constricts you.
You tentacle-slap the ball python. Your grab misses the ball python.
You pierce the ball python.
You kill the ball python!
You tentacle-slap the kobold.
You kill the kobold!
You tentacle-slap the kobold but do no damage.
Your grab misses the kobold. The kobold misses you.
You tentacle-slap the kobold but do no damage.
Your grab misses the kobold. The kobold hits you but does no damage.
You tentacle-slap the kobold but do no damage.
You grab the kobold. You constrict the kobold. The kobold misses you.
You tentacle-slap the kobold.
You kill the kobold!
No target in view!
Items here: ( )) †††.
Your transformation is almost over.
Your tentacle spike disappears.
Found 6 stones.
Terence the Incautious comes into view.
He is wielding a +0 flail and carrying a wand of flame (18).
Terence shouts!
Terence zaps a wand.
The puff of flame hits you!
Ouch! That really hurt!
Casting: Beastly Appendage (safe; 7% risk of failure)
Press: ? - help, Q - select action, (/) - cycle Dir - look around, f - activate One of your tentacles grows a vicious spike.
You are too injured to fight recklessly!
You are too injured to fight recklessly!
Terence hits you with a +0 flail.
* * * LOW HITPOINT WARNING * * *
You tentacle-slap Terence but do no damage.
You grab Terence.
You pierce Terence, but do no damage.
You squeeze Terence, but do no damage.
You constrict Terence, but do no damage.
Terence zaps a wand.
The puff of flame hits you!
You die...

#.......####.........##.#..###
#....#..# ##.......###.##.###
#.......# ##.....## #.......
###.######## ##...## ####.###
#......... ....## #.#
#..####..# ###.# #.# #..#
#..#####.# #.#
#..####..##....#### #.#
#..........@@...... ..#
##.####..##......## ###
#.####..####..(##
#.............##
#############.# .# #


You could see Terence.

Vanquished Creatures
  5 bats (D:1)
  3 endoplasms
  2 goblins (D:1)
  A hobgoblin (D:1)
  10 kobolds
  2 quokkas (D:1)
  2 ball pythons
  A rat (D:1)
26 creatures vanquished.

Notes
Turn   | Place    | Note
-------+----------+-------------------------------------------
     0 | D:1      | testman the Octopode Transmuter began the quest for the
                  | Orb.
     0 | D:1      | Reached XP level 1. HP: 13/13 MP: 3/3
   160 | D:1      | Reached XP level 2. HP: 18/18 MP: 5/5
   657 | D:2      | Reached XP level 3. HP: 23/23 MP: 4/6
   660 | D:2      | Learned a level 2 spell: Wereblood
   786 | D:2      | Noticed Terence
   790 | D:2      | Killed from afar by Terence

Illustrated notes

Levels and vault maps discovered:
D:1:      lightli_arrival_noodles, layout_basic
D:2:      layout_loops_corners, grunt_ministairs_6, kennysheep_generic_room_7,
          uniq_terence, uniq_sigmund, uniq_robin

Action                     || total
---------------------------++-------
  Melee: Unarmed           ||    54
         Constrict         ||    18
         Tentacles         ||     9
         Short sword       ||     2
         Kick              ||     9
   Cast: Beastly Appendage ||     8
   Stab: Sleeping          ||     2
 Armour: Skin              ||     6
  Dodge: Dodged            ||    48

Table legend: (Time is in decaauts)
 A = Elapsed time spent in this place.
 B = Non-inter-level travel time spent in this place.
 C = Inter-level travel time spent in this place.
 D = Time resting spent in this place.
 E = Time spent auto-exploring this place.
 F = Levels seen in this place.
 G = Mean time per level.
                   A        B        C        D        E       F      G
               +--------+--------+--------+--------+--------+-----+--------+
         Total |    785 |    748 |     37 |      0 |    604 |   2 |  392.5 |
       Dungeon |    785 |    748 |     37 |      0 |    604 |   2 |  392.5 |
               +--------+--------+--------+--------+--------+-----+--------+

Top non-repeatable levels by time:
     D:1: 647 daAuts
     D:2: 138 daAuts
